 Dungeon Crawl Stone Soup version 0.27.0-1-g7a089689b8 (webtiles) character file.

Game seed: 11033000704668257934

95 sasquatch the Slasher (level 4, -2/39 HPs)
             Began as a Minotaur Fighter on Aug 8, 2021.
             Slain by Sigmund (5 damage)
             ... on level 3 of the Dungeon.
             The game lasted 00:04:03 (2442 turns).

sasquatch the Slasher (Minotaur Fighter)            Turns: 2442, Time: 00:04:04

Health: -2/39      AC: 10    Str: 22    XL:     4   Next: 39%
Magic:  3/3        EV:  5    Int:  5    God:
Gold:   135        SH:  0    Dex:  9    Spells: 3/3 levels left

rFire    . . .     SeeInvis .   a - +0 long sword
rCold    . . .     Faith    .   c - +0 kite shield
rNeg     . . .     Spirit   .   e - +0 chain mail
rPois    .         Reflect  .   (helmet restricted)
rElec    .         Harm     .   m - +0 cloak
rCorr    .         Rampage  .   (no gloves)
Will     .....                  (no boots)
Stlth    ..........             (no amulet)
HPRegen  0.13/turn              (no ring)
MPRegen  0.08/turn              (no ring)

@: confused
A: horns 2, retaliatory headbutt
a: no special abilities


You were on level 3 of the Dungeon.
You visited 1 branch of the dungeon, and saw 3 of its levels.

You collected 135 gold pieces.

Inventory:

Hand Weapons
 a - a +0 long sword (weapon)
 i - a +2 whip of venom
Armour
 c - a +0 kite shield (worn)
 e - a +0 chain mail (worn)
 m - a +0 cloak (worn)
Jewellery
 b - a +6 ring of intelligence
 g - a +4 ring of protection
Scrolls
 h - a scroll of vulnerability {unknown}
 j - a scroll of fog {unknown}
 l - a scroll of teleportation {unknown}
Potions
 d - a potion of might
 f - 2 potions of heal wounds {unknown}
 k - a potion of haste {unknown}
 n - a potion of ambrosia {unknown}


   Skills:
 - Level 3.6 Fighting
 + Level 5.7 Long Blades
 - Level 3.6 Armour
 - Level 3.6 Shields


You had 3 spell levels left.
You didn't know any spells.
Your spell library contained the following spells:

 Spells                   Type           Power      Damage    Failure   Level
 Slow                     Hex            0%         N/A       100%        2
 Confusing Touch          Hex            0%         N/A       100%        3
 Yara's Violent Unravell  Hex/Tmut       0%         3d3       100%        5


Dungeon Overview and Level Annotations

Branches:
Dungeon (3/15)

Altars:
Xom

Shops:
D:3 [

Annotations:
D:3 Sigmund


Innate Abilities, Weirdness & Mutations

You have a pair of horns on your head.
You reflexively headbutt those who attack you in melee.


Message History

You closely miss something. Your headbutt misses something.
You hear some strange, mumbled words.
A magic dart appears from out of thin air!
The magic dart hits you but does no damage.
You closely miss something.
You hear some strange, mumbled words.
A magic dart appears from out of thin air!
The magic dart hits you but does no damage.
The orc wizard casts a spell at you.
The magic dart hits something!
Reactivating autopickup.
You block the orc's attack.
You hit the orc.
The orc is heavily wounded.
Something hits you but does no damage.
Deactivating autopickup; reactivate with Ctrl-A.
You block the orc's attack. Something hits you but does no damage.
You hit the orc.
The orc is almost dead.
The orc hits you with a +0 club. Something hits you but does no damage.
Your chain mail prevents you from hitting the orc wizard.
Something hits you!
The orc wizard hits you but does no damage.
You hit the orc wizard. Your headbutt misses the orc wizard.
The orc wizard is moderately wounded.
Something hits you.
The orc wizard points at you and mumbles some strange words.
You are confused.
Something hits you!
* * * LOW HITPOINT WARNING * * *
You closely miss the orc wizard.
The orc wizard is moderately wounded.
The orc wizard hits you but does no damage.
Something hits you.
* * * LOW HITPOINT WARNING * * *
You slash the orc wizard!
The orc wizard is almost dead.
The orc wizard hits you but does no damage.
Something hits you.
You die...

..###.....#.#.....###
#...................##
....#.##.............#
###...# .....####.#..#
......# ##... #.####
####.... #... #.# #
###.###. #o### # .#
#.####o{.### # .
#....@##.)o# #
.....##.####o## .# ###
#!# #...# ..# ...
#.{.# .>[ ##.......#
##......# ##.....#
..##### ...#


You could see an orc wizard and an orc.

Vanquished Creatures
  Crazy Yiuf (D:3)
  2 adders
  A dart slug (D:1)
  An orc (D:3)
  6 ball pythons
  5 bats
  5 endoplasms
  A giant cockroach (D:2)
  A goblin (D:1)
  5 hobgoblins
  2 jackals (D:1)
  8 kobolds
  2 quokkas
  A frilled lizard (D:3)
  2 rats (D:1)
43 creatures vanquished.

Vanquished Creatures (others)
  An orc wizard (D:3)
1 creature vanquished.

Grand Total: 44 creatures vanquished

Notes
Turn   | Place    | Note
-------+----------+-------------------------------------------
     0 | D:1      | sasquatch the Minotaur Fighter began the quest for the Orb.
     0 | D:1      | Reached XP level 1. HP: 19/19 MP: 0/0
    55 | D:1      | Reached skill level 3 in Long Blades
    63 | D:1      | Reached XP level 2. HP: 20/26 MP: 1/1
   603 | D:1      | Found a faded altar of an unknown god.
   715 | D:1      | Reached skill level 4 in Long Blades
  1184 | D:2      | Reached XP level 3. HP: 31/31 MP: 2/2
  1678 | D:2      | Found a shimmering altar of Xom.
  1896 | D:3      | Reached skill level 5 in Long Blades
  1914 | D:3      | Noticed Sigmund
  2019 | D:3      | Found Ukavvy's Antique Armour Boutique.
  2072 | D:3      | Found a runed translucent door.
  2218 | D:3      | Noticed Crazy Yiuf
  2223 | D:3      | Killed Crazy Yiuf
  2224 | D:3      | Reached XP level 4. HP: 32/39 MP: 3/3
  2442 | D:3      | Slain by Sigmund

Illustrated notes

Levels and vault maps discovered:
D:1:      dpeg_arrival_simpleton_a, layout_loops_ring, basic_ecumenical_altar
D:2:      layout_basic, basic_altar, kennysheep_nondescript, minmay_door_square
D:3:      layout_rooms, serial_shops, shop, portal_sewer_entry_f,
          uniq_crazy_yiuf_cottage, uniq_sigmund

Skill      XL: |  1  2  3 |
---------------+----------+-----
Long Blades    | 3 4 5 |  5.7
Fighting       | |  3.6
Armour         | |  3.6
Shields        | |  3.6

Action                   |  1- 3 |  4- 6 || total
-------------------------+-------+-------++-------
Melee: Long sword        |    98 |    15 ||   113
       Headbutt          |     6 |       ||     6
Armor: Scale mail        |     4 |       ||     4
       Chain mail        |    40 |    13 ||    53
Dodge: Dodged            |    18 |     6 ||    24
Block: Kite shield       |    51 |     5 ||    56
       Rpst.: Long sword |     4 |       ||     4
